 Dungeon Crawl Stone Soup version 0.32-a0-422-g28b100f618 (webtiles) character file.

Game seed: 5398798482089995217

6661 Persephone the Grappler (level 10, -1/83 HPs)
             Began as a Troll Shapeshifter on Feb 21, 2024.
             Was a Believer of Beogh.
             Slain by Snorg (20 damage)
             ... on level 10 of the Dungeon.
             The game lasted 00:12:44 (7106 turns).

Persephone the Grappler (Troll Shapeshifter)        Turns: 7106, Time: 00:12:44

Health: -1/83      AC:  4    Str: 28    XL:     10   Next: 73%
Magic:  9/9        EV:  9    Int:  6    God:    Beogh [**....]
Gold:   841        SH:  5    Dex:  9    Spells: 9/9 levels left

rFire   + .          .
                       - Unarmed
rCold   . . .        (no shield)
rNeg    . . .        a - +0 animal skin
rPois   .            w - melded +1 hat of Tortured Miracles {Will+ MP+9}
rElec   .            (cloak currently unavailable)
rCorr   +            (gloves unavailable)
SInv    .            (boots unavailable)
Will    .....        C - amulet of reflection
Stlth   +            G - ring of resist corrosion
HPRegen 1.13/turn    f - ring of protection from fire
MPRegen 0.11/turn

%: reflection
@: beast-form
A: beast (slay +4), large, unfitting armour, claws 3, regeneration 1, shaggy fur
1, tough skin 1
a: Begin Untransformation, Renounce Religion, Smiting


You were on level 10 of the Dungeon.
You worshipped Beogh.
Beogh was pleased with you.
You were a hulking beast.
You visited 1 branch of the dungeon, and saw 10 of its levels.
You also visited: Ossuary.

You collected 841 gold pieces.

Inventory:

Missiles
 m - 6 javelins (quivered)
Armour
 a - a +0 animal skin (worn)
 w - the +1 hat of Tortured Miracles (melded) {Will+ MP+9}
   (You acquired it on level 8 of the Dungeon)

   Will+:     It increases your willpower.
   MP+9:      It affects your magic capacity (+9).
Jewellery
 f - a ring of protection from fire (right claw)
 o - a +6 ring of dexterity
 t - an amulet of guardian spirit
 C - an amulet of reflection (around neck)
 G - a ring of resist corrosion (left claw)
Talismans
 c - a beast talisman (active)
 d - a flux talisman
Wands
 v - a wand of flame (7)
 D - a wand of digging (6)
Scrolls
 h - 3 scrolls of noise
 i - a scroll of enchant armour
 j - 7 scrolls of teleportation
 n - 4 scrolls of fog
 q - a scroll of silence
 x - a scroll of amnesia
 y - 4 scrolls of enchant weapon
 E - 2 scrolls of poison
 F - a scroll of fear
Potions
 b - 3 potions of lignification
 e - a potion of heal wounds
 g - 4 potions of resistance
 k - 3 potions of enlightenment
 l - a potion of brilliance
 p - a potion of mutation
 r - 2 potions of degeneration
 s - a potion of ambrosia {unknown}
 u - 2 potions of haste {unknown}
 z - 2 potions of invisibility
 A - a potion of attraction {unknown}
 B - a potion of might {unknown}
 I - a potion of curing


   Skills:
 - Level 0.7 Fighting
 - Level 1.5 Dodging
 + Level 12.0 Unarmed Combat
 + Level 11.1 Shapeshifting


You had 9 spell levels left.
You didn't know any spells.
Your spell library contained the following spells:

 Spells                   Type           Power      Damage    Failure   Level
 Animate Dead             Necr           0%         N/A       99%         4
 Alistair's Intoxication  Alch           0%         N/A       100%        5
 Borgnjor's Vile Clutch   Necr/Erth      0%         N/A       100%        5
 Death Channel            Necr           0%         N/A       100%        6
 Eringya's Noxious Bog    Alch           0%         4d6       100%        6


Dungeon Overview and Level Annotations

Branches:
Dungeon (10/15)            Temple (0/1) D:4         Ossuary (visited)
   Lair: D:8-11         Orc: D:9-12

Altars:
Cheibriados
Elyvilon
Fedhas
Gozag
Nemelex Xobeh
Trog
Xom
Yredelemnul
Beogh

Shops:
D:2 *

Annotations:
D:10 Snorg


Innate Abilities, Weirdness & Mutations

You are a hulking beast.
Your limbs bulge with bestial killing power. (Slay +4)
Your facial features look somewhat orcish.
You are too large for most types of armour.
You have claws for hands.
Your natural rate of healing is unusually fast.
You are covered in fur. (AC +1)
You have tough skin. (AC +1)


Message History

p - a potion of mutation What level of the Dungeon? (default 9, ? - help)
Things that are here:
a +0 giant club; a +0 giant club
There is a stone staircase leading down here.
You climb downwards.
There is a stone staircase leading up here.
You see here 5 stones.
You see here 5 stones.
You open the door.
There is an open door here.
There is an open door here.
Auto kill stopped - Too dangerous: Extremely Dangerous (1) Dangerous (0) Easy (0) Harmless (0) Snorg the Insatiable comes into view.
Snorg shouts!
Snorg moves out of view.
Snorg is nearby!
Auto kill stopped - Too dangerous: Extremely Dangerous (1) Dangerous (0) Easy (0) Harmless (0) Snorg bites you but does no damage.
Snorg claws you. Snorg claws you!
You barely miss Snorg. You claw Snorg.
Snorg is lightly wounded.
You barely miss Snorg. You claw Snorg!
Snorg is lightly wounded.
Snorg bites you! Snorg claws you but does no damage.
Snorg completely misses you.
You hear an angry buzzing noise.
You mangle Snorg!!
Snorg is heavily wounded.
A killer bee comes into view.
You block Snorg's attack. Snorg claws you! x2
You barely miss Snorg.
Snorg is heavily wounded.
Snorg goes berserk!
You mangle Snorg!!
Snorg is severely wounded.
You hear an angry buzzing noise. x2
Snorg bites you! Snorg claws you!
* * * LOW HITPOINT WARNING * * *
Snorg claws you!!
You die...

# #.# ###.##############
............ ....#
............ ...##
###......... ...
....######## #.#
....############.#
..............##.#
##+####.......##h# .
#....##.##.....#T##....
#....'..#####...y.......
#....#### #....###T...
#....# #.##...# ..
#....# #.####...# ######
#.. ...# ... .... #..
.##


You could see Snorg (berserk) and a killer bee.

Vanquished Creatures
  2 two-headed ogres (D:9)
  Jeremiah (D:6)
  A troll (D:9)
  A hornet (D:9)
  Sigmund (D:4)
  4 yaks (D:9)
  A shadow (D:9)
  2 wyverns (D:9)
  3 water moccasins
  2 sky beasts
  2 orc warriors
  2 black bears
  4 centaurs
  3 elf zombies (Ossuary)
  3 kobold brigands
  Blork the orc (D:6)
  A bullfrog (D:8)
  3 scorpions
  10 killer bees (D:9)
  3 howler monkeys
  3 centaur zombies (Ossuary)
  4 human zombies (Ossuary)
  7 hounds
  A bombardier beetle (D:6)
  4 orc priests
  2 sleepcaps
  5 iguanas
  4 orc wizards
  A crocodile zombie (Ossuary)
  3 mummies (Ossuary)
  2 adders
  3 gnolls (D:6)
  3 white imps
  2 ribbon worms
  2 dart slugs
  11 orcs
  5 ball pythons
  6 endoplasms
  5 giant cockroaches
  A gnoll zombie (D:6)
  19 goblins
  10 hobgoblins
  A jackal (D:3)
  5 quokkas
  5 bats
  2 frilled lizards (D:1)
  A goblin zombie (D:6)
  A jackal zombie (D:6)
  18 kobolds
  5 rats
191 creatures vanquished.

Vanquished Creatures (others)
  An orc (D:9)
1 creature vanquished.

Grand Total: 192 creatures vanquished

Notes
Turn   | Place    | Note
-------+----------+-------------------------------------------
     0 | D:1      | Persephone the Troll Shapeshifter began the quest for the
                  | Orb.
     0 | D:1      | Reached XP level 1. HP: 18/18 MP: 0/0
   133 | D:1      | Reached XP level 2. HP: 26/26 MP: 1/1
   450 | D:1      | Reached XP level 3. HP: 28/32 MP: 2/2
  1094 | D:2      | Reached skill level 4 in Unarmed Combat
  1158 | D:2      | Found Tizelebb's Assorted Antiques.
  1342 | D:2      | Reached XP level 4. HP: 40/40 MP: 3/3
  1866 | D:3      | Reached XP level 5. HP: 46/46 MP: 4/4
  1916 | D:3      | Noticed a black bear
  1926 | D:3      | Killed a black bear
  1927 | D:3      | Reached skill level 5 in Unarmed Combat
  2177 | D:4      | Noticed Sigmund
  2196 | D:4      | Killed Sigmund
  2197 | D:4      | Reached skill level 5 in Shapeshifting
  2197 | D:4      | Reached XP level 6. HP: 54/54 MP: 5/5
  2455 | D:4      | Found a roughly hewn altar of Beogh.
  2465 | D:4      | Reached skill level 6 in Unarmed Combat
  2465 | D:4      | Reached XP level 7. HP: 59/61 MP: 6/6
  2468 | D:4      | Became a worshipper of Beogh the Shepherd
  2607 | D:4      | Found a staircase to the Ecumenical Temple.
  2707 | D:5      | Entered Level 5 of the Dungeon
  3350 | D:6      | Found a blossoming altar of Fedhas.
  3357 | D:6      | Reached skill level 7 in Unarmed Combat
  3468 | D:6      | Noticed Blork the orc
  3469 | D:6      | Found a sand-covered staircase.
  3473 | D:6      | Killed Blork the orc
  3474 | D:6      | Reached XP level 8. HP: 55/68 MP: 7/7
  3498 | Ossuary  | Entered an ossuary
  3538 | Ossuary  | Reached * piety under Beogh
  3676 | Ossuary  | Reached skill level 8 in Unarmed Combat
  3787 | D:6      | Noticed Jeremiah
  4085 | D:6      | Reached XP level 9. HP: 72/75 MP: 8/8
  4111 | D:6      | Reached skill level 9 in Unarmed Combat
  4129 | D:6      | Killed Jeremiah
  4413 | D:7      | Found a bloodstained altar of Trog.
  4902 | D:7      | Found a white marble altar of Elyvilon.
  4906 | D:7      | Found an opulent altar of Gozag.
  4912 | D:7      | Found a sparkling altar of Nemelex Xobeh.
  4949 | D:8      | Identified a scroll of acquirement
  4955 | D:8      | Acquired the +1 hat of Tortured Miracles {Will+ MP+9}
  5195 | D:8      | Reached skill level 10 in Unarmed Combat
  5301 | D:8      | Reached ** piety under Beogh
  5441 | D:8      | Identified the +0 dagger of Mayhem {antimagic, rPois Str-2
                  | Int+5 Dex+3}
  6099 | D:9      | Reached XP level 10. HP: 62/83 MP: 9/9
  6126 | D:9      | Found a shimmering altar of Xom.
  6180 | D:9      | Reached skill level 10 in Shapeshifting
  6190 | D:9      | Reached skill level 11 in Unarmed Combat
  6415 | D:9      | HP: 1/83 [killer bee (5)]
  6490 | D:9      | Found a snail-covered altar of Cheibriados.
  6502 | D:9      | Found a basalt altar of Yredelemnul.
  6610 | D:9      | Noticed a two-headed ogre
  6702 | D:9      | Killed a two-headed ogre
  6918 | D:9      | Noticed a two-headed ogre
  6926 | D:9      | Killed a two-headed ogre
  6927 | D:9      | Reached skill level 12 in Unarmed Combat
  7034 | D:10     | Entered Level 10 of the Dungeon
  7095 | D:10     | Noticed Snorg
  7106 | D:10     | Slain by Snorg

Illustrated notes

Levels and vault maps discovered:
D:1:      psy_arrival_whirlpool, layout_loops_corners, nicolae_titane
D:2:      layout_loops_cross, serial_shops,
          nicolae_shop_competitors_out_of_business, chequers_serial_rivers_marsh
D:3:      cheibrodos_greedy_goblins, layout_basic, minmay_quantized
D:4:      layout_cave_pools, minmay_temple_entry_glassed_door,
          kennysheep_orc_chapel, uniq_sigmund
D:5:      layout_basic
D:6:      minmay_inner_zag, layout_rooms, fedhas_altar_3, enter_ossuary_3,
          uniq_jeremiah, uniq_blork_the_orc
D:7:      layout_rooms, mainiacjoe_overflow_chevrons,
          grunt_temple_overflow_diamond
D:8:      layout_layer_cave
D:9:      layout_stronghold, mainiacjoe_overflow_brackets,
          grunt_temple_overflow_open, grunt_ministairs_15
D:10:     layout_basic, uniq_joseph, uniq_maurice, uniq_snorg

Skill      XL: |  1  2  3  4  5  6  7  8  9 10 |
---------------+-------------------------------+-----
Unarmed Combat | 4 5 6 7 8 10 12 | 12.0
Shapeshifting  | 4 5 6 8 9 11 | 11.1
Fighting       | |  0.7
Dodging        | |  1.5

Action                     |  1- 3 |  4- 6 |  7- 9 | 10-12 || total
---------------------------+-------+-------+-------+-------++-------
  Melee: Unarmed           |    68 |    78 |   273 |    89 ||   508
         Punch             |     2 |       |    12 |     2 ||    16
  Throw: Javelin           |       |     4 |       |       ||     4
Ability: Begin Untransform |       |       |     1 |       ||     1
    Use: Scroll            |       |     7 |    10 |     2 ||    19
         Potion            |       |       |     5 |     3 ||     8
   Stab: Sleeping          |     2 |       |     2 |       ||     4
 Armour: Animal skin       |    29 |    53 |   217 |    18 ||   317
         Skin              |       |       |     9 |    51 ||    60
  Dodge: Dodged            |    26 |    36 |   120 |    65 ||   247
  Block: Other             |       |       |    12 |    28 ||    40
         Reflection        |       |       |     1 |     1 ||     2
   Form: Beast             |       |       |     1 |     1 ||     2
         Flux              |       |       |     1 |       ||     1

Table legend: (Time is in decaauts)
 A = Elapsed time spent in this place.
 B = Non-inter-level travel time spent in this place.
 C = Inter-level travel time spent in this place.
 D = Time resting spent in this place.
 E = Time spent auto-exploring this place.
 F = Levels seen in this place.
 G = Mean time per level.
                   A        B        C        D        E       F      G
               +--------+--------+--------+--------+--------+-----+--------+
         Total |   7036 |   6751 |    285 |      0 |   5485 |  11 |  639.6 |
       Dungeon |   6792 |   6507 |    285 |      0 |   5355 |  10 |  679.2 |
       Ossuary |    244 |    244 |      0 |      0 |    130 |   1 |  244.0 |
               +--------+--------+--------+--------+--------+-----+--------+

Top non-repeatable levels by time:
     D:9: 1034 daAuts
     D:8: 1022 daAuts
     D:1: 855 daAuts
     D:6: 764 daAuts
     D:2: 760 daAuts
     D:7: 620 daAuts
     D:5: 581 daAuts
     D:3: 554 daAuts
     D:4: 528 daAuts
 Ossuary: 244 daAuts
    D:10: 71 daAuts
